TOP OF THE 1ST |
El Paso Texans batting - Pitching for Savannah Hogs : RHP Bradley Baxter
|
Pitching: RHP Bradley Baxter
|
|
Batting: SHB António Cervantes
|
0-0: Ball 1-0: Ball 2-0: Called Strike 2-1: Ball 3-1: Base on Balls
|
Batting: LHB António Fonseca
|
0-0: Foul Ball, location: 2F 0-1: Ball 1-1: Ball 2-1: Called Strike 2-2: Grounds into double play, 6-4-3 (Groundball, 6)
|
Batting: LHB Ramón Ortega
|
0-0: Ball 1-0: Ball 2-0: Called Strike 2-1: Foul Ball, location: 2F 2-2: Ground out U3 (Groundball, 3)
|
Top of the 1st over - 0 runs, 0 hits, 0 errors, 0 left on base; El Paso 0 - Savannah 0 |
BOTTOM OF THE 1ST |
Savannah Hogs batting - Pitching for El Paso Texans : LHP Jeffery Cleveland
|
Pitching: LHP Jeffery Cleveland
|
|
Batting: RHB Miguel Martínez
|
0-0: Fly out, F4 (Flyball, 4D)
|
Batting: SHB David Bennett
|
0-0: Ball 1-0: Foul Ball, location: 2F 1-1: Ball 2-1: Foul Ball, location: 2F 2-2: Ball 3-2: Fly out, F7 (Line Drive, 7D)
|
Batting: RHB Wilson Ortíz
|
0-0: Ball 1-0: Fly out, F4 (Line Drive, 4M)
|
Bottom of the 1st over - 0 runs, 0 hits, 0 errors, 0 left on base; El Paso 0 - Savannah 0 |
TOP OF THE 2ND |
El Paso Texans batting - Pitching for Savannah Hogs : RHP Bradley Baxter
|
Batting: LHB Cipriano Rangel
|
0-0: Called Strike 0-1: Swinging Strike 0-2: Strikes out swinging
|
Batting: RHB Rafael Crus
|
0-0: Ball 1-0: Fly out, F8 (Flyball, 8RM)
|
Batting: RHB Chris Smith
|
0-0: Ball 1-0: Called Strike 1-1: Ball 2-1: Ball 3-1: Foul Ball, location: 2F 3-2: Fly out, F8 (Line Drive, 78XD)
|
Top of the 2nd over - 0 runs, 0 hits, 0 errors, 0 left on base; El Paso 0 - Savannah 0 |
BOTTOM OF THE 2ND |
Savannah Hogs batting - Pitching for El Paso Texans : LHP Jeffery Cleveland
|
Batting: RHB Ramiro Villescaz
|
0-0: Swinging Strike 0-1: Called Strike 0-2: Strikes out swinging
|
Batting: SHB Ramón Minas
|
0-0: Ball 1-0: Ball 2-0: Foul Ball, location: 2F 2-1: Foul Ball, location: 2F 2-2: Ball 3-2: Base on Balls
|
Batting: SHB Juan Chávez
|
0-0: Ball 1-0: Swinging Strike 1-1: Ball 2-1: Reached on error, E4 (Groundball, 34) Ramón Minas to third
|
Batting: RHB Mike Russell
|
0-0: Fly out, F9 (Flyball, 9S)
|
Batting: RHB Juan Morales
|
0-0: Foul Ball, location: 2F 0-1: Called Strike 0-2: Ball 1-2: Ball 2-2: Ball 3-2: Foul Ball, location: 2F 3-2: Base on Balls
|
Batting: LHB Felipe Franco
|
0-0: Ball 1-0: Ball 2-0: Called Strike 2-1: Ball 3-1: Base on Balls Ramón Minas scores Juan Chávez to third Juan Morales to second
|
Batting: RHB Miguel Martínez
|
0-0: Ball 1-0: Called Strike 1-1: Fly out, F5 (Line Drive, 5S)
|
Bottom of the 2nd over - 1 run, 0 hits, 1 error, 3 left on base; El Paso 0 - Savannah 1 |
TOP OF THE 3RD |
El Paso Texans batting - Pitching for Savannah Hogs : RHP Bradley Baxter
|
Batting: RHB Manny Holguín
|
0-0: Called Strike 0-1: Ball 1-1: Foul Ball, location: 2F 1-2: Ground out 5-3 (Groundball, 56)
|
Batting: RHB Merlin Dobbin
|
0-0: Swinging Strike 0-1: Ball 1-1: Ball 2-1: Ball 3-1: Foul Ball, location: 2F 3-2: Foul Ball, location: 2F 3-2: Foul Ball, location: 2F 3-2: Fly out, F8 (Flyball, 8RM)
|
Batting: RHB Ed McVinish
|
0-0: Ball 1-0: Foul Ball, location: 2F 1-1: Ball 2-1: Ball 3-1: Called Strike 3-2: Strikes out looking
|
Top of the 3rd over - 0 runs, 0 hits, 0 errors, 0 left on base; El Paso 0 - Savannah 1 |
BOTTOM OF THE 3RD |
Savannah Hogs batting - Pitching for El Paso Texans : LHP Jeffery Cleveland
|
Batting: SHB David Bennett
|
0-0: Ball
|
|
|
|
1-0: Ball 2-0: Ball 3-0: Called Strike 3-1: Fly out, F7 (Flyball, 7LDF)
|
Batting: RHB Wilson Ortíz
|
0-0: Called Strike 0-1: Ball 1-1: Called Strike 1-2: Ground out 6-3 (Groundball, 6MS)
|
Batting: RHB Ramiro Villescaz
|
0-0: Called Strike 0-1: Ground out 6-3 (Groundball, 56)
|
Bottom of the 3rd over - 0 runs, 0 hits, 0 errors, 0 left on base; El Paso 0 - Savannah 1 |
TOP OF THE 4TH |
El Paso Texans batting - Pitching for Savannah Hogs : RHP Bradley Baxter
|
Batting: SHB António Cervantes
|
0-0: Ball 1-0: Swinging Strike 1-1: Called Strike 1-2: Ball 2-2: Ball 3-2: Foul Ball, location: 2F 3-2: Base on Balls
|
Batting: LHB António Fonseca
|
0-0: Ball 1-0: Foul Ball, location: 2F 1-1: Called Strike 1-2: Ball 2-2: Grounds into double play, 6-4-3 (Groundball, 6)
|
Batting: LHB Ramón Ortega
|
0-0: Ball 1-0: Called Strike 1-1: Hit by Pitch
|
Batting: LHB Cipriano Rangel
|
0-0: Ball 1-0: Ball 2-0: Swinging Strike 2-1: Foul Ball, location: 2F 2-2: Ball 3-2: Base on Balls Ramón Ortega to second
|
Batting: RHB Rafael Crus
|
0-0: Called Strike 0-1: Ball 1-1: Called Strike 1-2: Ball 2-2: Ball 3-2: Strikes out looking
|
Top of the 4th over - 0 runs, 0 hits, 0 errors, 2 left on base; El Paso 0 - Savannah 1 |
BOTTOM OF THE 4TH |
Savannah Hogs batting - Pitching for El Paso Texans : LHP Jeffery Cleveland
|
Batting: SHB Ramón Minas
|
0-0: Ball 1-0: Called Strike 1-1: Ball 2-1: Swinging Strike 2-2: Strikes out swinging
|
Pitching: RHP Derek Baker
|
|
Batting: SHB Juan Chávez
|
0-0: Ball 1-0: Foul Ball, location: 2F 1-1: Ground out 1-3 (Groundball, P)
|
Batting: RHB Mike Russell
|
0-0: Ball 1-0: Ball 2-0: Ball 3-0: Called Strike 3-1: Base on Balls
|
Batting: RHB Juan Morales
|
0-0: Ball 1-0: DOUBLE (Line Drive, 9LM) Mike Russell to third
|
Batting: LHB Felipe Franco
|
0-0: Ground out 1-3 (Groundball, P)
|
Bottom of the 4th over - 0 runs, 1 hit, 0 errors, 2 left on base; El Paso 0 - Savannah 1 |
TOP OF THE 5TH |
El Paso Texans batting - Pitching for Savannah Hogs : RHP Bradley Baxter
|
Pitching: RHP César Marrero
|
|
Batting: RHB Chris Smith
|
0-0: Ball 1-0: Ball 2-0: Ball 3-0: Base on Balls
|
Batting: RHB Manny Holguín
|
0-0: Ball 1-0: Reached on error, E5 (Groundball, 56S) Chris Smith to second
|
Batting: RHB Merlin Dobbin
|
0-0: Foul Ball, location: 2F 0-1: Called Strike 0-2: Strikes out looking
|
Batting: RHB Ed McVinish
|
0-0: Ball 1-0: Ball 2-0: Ball 3-0: Called Strike 3-1: Foul Ball, location: 2F 3-2: Strikes out swinging
|
Batting: SHB António Cervantes
|
0-0: Foul Ball, location: 2F 0-1: Fly out, F4 (Line Drive, 4)
|
Top of the 5th over - 0 runs, 0 hits, 1 error, 2 left on base; El Paso 0 - Savannah 1 |
BOTTOM OF THE 5TH |
Savannah Hogs batting - Pitching for El Paso Texans : RHP Derek Baker
|
Batting: RHB Miguel Martínez
|
0-0: Foul Ball, location: 2F 0-1: Swinging Strike 0-2: Ball 1-2: Strikes out swinging
|
Batting: SHB David Bennett
|
0-0: Ball 1-0: Ball 2-0: Ground out 4-3 (Groundball, 4)
|
Batting: RHB Wilson Ortíz
|
0-0: Called Strike 0-1: Swinging Strike 0-2: Foul Ball, location: 2F 0-2: Ball 1-2: Ball 2-2: Foul Ball, location: 2F 2-2: Strikes out looking
|
Bottom of the 5th over - 0 runs, 0 hits, 0 errors, 0 left on base; El Paso 0 - Savannah 1 |
TOP OF THE 6TH |
El Paso Texans batting - Pitching for Savannah Hogs : RHP César Marrero
|
Batting: LHB António Fonseca
|
0-0: Ball 1-0: Called Strike 1-1: Ball 2-1: Swinging Strike 2-2: Foul Ball, location: 2F 2-2: Fly out, F9 (Flyball, 9)
|
Batting: LHB Ramón Ortega
|
0-0: Foul Ball, location: 2F 0-1: Called Strike 0-2: Foul Ball, location: 2F 0-2: Ball 1-2: Strikes out swinging
|
Batting: LHB Cipriano Rangel
|
0-0: Ball 1-0: Ball 2-0: Called Strike 2-1: Called Strike 2-2: SINGLE (Groundball, 6D)
|
Batting: RHB Rafael Crus
|
0-0: Foul Ball, location: 2F 0-1: Ball 1-1: SINGLE (Line Drive, 6MD) Cipriano Rangel to second
|
Batting: RHB Chris Smith
|
0-0: Called Strike 0-1: Ball 1-1: Foul Ball, location: 2F 1-2: Foul Ball, location: 2F 1-2: SINGLE (Line Drive, 7S) Cipriano Rangel to third Rafael Crus to second Runner from 3rd tries for Home, SAFE, no throw
|
Batting: RHB Manny Holguín
|
0-0: Ball 1-0: Ball 2-0: Fly out, F9 (Line Drive, 89M)
|
Top of the 6th over - 1 run, 3 hits, 0 errors, 2 left on base; El Paso 1 - Savannah 1 |
BOTTOM OF THE 6TH |
Savannah Hogs batting - Pitching for El Paso Texans : RHP Derek Baker
|
Batting: RHB Ramiro Villescaz
|
0-0: SINGLE (Line Drive, 6D)
|
Batting: SHB Ramón Minas
|
0-0: Ball 1-0: Swinging Strike 1-1: Called Strike 1-2: Ball 2-2: Foul Ball, location: 2F 2-2: Fielders Choice at 2nd, 1-6 (Groundball, 13)
|
Batting: SHB Juan Chávez
|
0-0: Ball 1-0: Ball 2-0: Called Strike 2-1: Called Strike 2-2: Strikes out swinging
|
Batting: RHB Mike Russell
|
0-0: Ball Ramón Minas is caught stealing 2nd base
|
Bottom of the 6th over - 0 runs, 1 hit, 0 errors, 0 left on base; El Paso 1 - Savannah 1 |
TOP OF THE 7TH |
El Paso Texans batting - Pitching for Savannah Hogs : RHP César Marrero
|
Batting: RHB Merlin Dobbin
|
0-0: Foul Ball, location: 2F 0-1: Ball 1-1: Ball 2-1: Ball 3-1: Base on Balls
|
Pinch Hitting: SHB Oliver Riley
|
0-0: Ball 1-0: Called Strike 1-1: Foul Ball, location: 2F 1-2: Foul Ball, location: 2F 1-2: Strikes out swinging
|
Batting: SHB António Cervantes
|
0-0: Ball 1-0: Ball 2-0: Fly out, F8 (Line Drive, 78D)
|
Pitching: RHP Salvador Cervantes
|
|
Batting: LHB António Fonseca
|
0-0: Called Strike 0-1: Ball 1-1: Ball 2-1: DOUBLE (Groundball, 5L) Merlin Dobbin to third Runner from 3rd tries for Home, SAFE, no throw
|
Pitching: LHP Ronnie Beason
|
|
Batting: LHB Ramón Ortega
|
0-0: Foul Ball, location: 2F 0-1: Fly out, F9 (Line Drive, 9D)
|
Top of the 7th over - 1 run, 1 hit, 0 errors, 1 left on base; El Paso 2 - Savannah 1 |
BOTTOM OF THE 7TH |
Savannah Hogs batting - Pitching for El Paso Texans : RHP Derek Baker
|
Pitching: RHP Mark Thompson
|
|
Now in RF: Stephen Black
|
|
Batting: RHB Mike Russell
|
0-0: Fly out, F8 (Flyball, 78M)
|
Batting: RHB Juan Morales
|
0-0: Ball 1-0: Foul Ball, location: 2F 1-1: Ground out 4-3 (Groundball, 4)
|
Batting: LHB Felipe Franco
|
0-0: Ball 1-0: Called Strike 1-1: Called Strike 1-2: Ball 2-2: Ball 3-2: Foul Ball, location: 2F 3-2: Strikes out looking
|
Bottom of the 7th over - 0 runs, 0 hits, 0 errors, 0 left on base; El Paso 2 - Savannah 1 |
TOP OF THE 8TH |
El Paso Texans batting - Pitching for Savannah Hogs : LHP Ronnie Beason
|
Pitching: LHP Gilberto Jáquez
|
|
Batting: LHB Cipriano Rangel
|
0-0: Called Strike 0-1: Swinging Strike 0-2: Ball 1-2: Ball 2-2: Foul Ball, location: 2F 2-2: Foul Ball, location: 2F 2-2: Strikes out looking
|
Batting: RHB Rafael Crus
|
0-0: Called Strike 0-1: Ground out 6-3 (Groundball, 6)
|
Batting: RHB Chris Smith
|
0-0: Called Strike 0-1: Foul Ball, location: 2F 0-2: Ball 1-2: Ground out 5-3 (Groundball, 56)
|
Top of the 8th over - 0 runs, 0 hits, 0 errors, 0 left on base; El Paso 2 - Savannah 1 |
BOTTOM OF THE 8TH |
Savannah Hogs batting - Pitching for El Paso Texans : RHP Mark Thompson
|
Batting: RHB Miguel Martínez
|
0-0: Ball 1-0: Swinging Strike 1-1: Foul Ball, location: 2F 1-2: Strikes out swinging
|
Batting: SHB David Bennett
|
0-0: Ball 1-0: Ball 2-0: Foul Ball, location: 2F 2-1: Swinging Strike 2-2: Strikes out looking
|
Batting: RHB Wilson Ortíz
|
0-0: Fly out, F4 (Line Drive, 4M)
|
Bottom of the 8th over - 0 runs, 0 hits, 0 errors, 0 left on base; El Paso 2 - Savannah 1 |
TOP OF THE 9TH |
El Paso Texans batting - Pitching for Savannah Hogs : LHP Gilberto Jáquez
|
Batting: RHB Manny Holguín
|
0-0: Foul Ball, location: 2F 0-1: Ball 1-1: SINGLE (Line Drive, 8LS)
|
Batting: RHB Merlin Dobbin
|
0-0: Ball 1-0: Called Strike 1-1: Called Strike 1-2: Ball 2-2: Strikes out swinging
|
Pinch Hitting: RHB Domingo Morales
|
0-0: Ground out 6-3 (Groundball, 6S) Manny Holguín to second
|
Batting: SHB António Cervantes
|
0-0: Intentional Walk
|
Batting: LHB António Fonseca
|
0-0: Called Strike 0-1: Ball 1-1: Ball 2-1: Ball 3-1: Ground out 3-1 (Groundball, 34S)
|
Top of the 9th over - 0 runs, 1 hit, 0 errors, 2 left on base; El Paso 2 - Savannah 1 |
BOTTOM OF THE 9TH |
Savannah Hogs batting - Pitching for El Paso Texans : RHP Mark Thompson
|
Now at SS: Domingo Morales
|
|
Pinch Hitting: RHB José Ramos
|
0-0: Ball 1-0: Ball 2-0: Ball 3-0: Base on Balls
|
Pinch Runner at 1st Lewis Childress:
|
|
Batting: SHB Ramón Minas
|
0-0: Ball 1-0: Foul Ball, location: 2F 1-1: Ball 2-1: Ball 3-1: Base on Balls Lewis Childress to second
|
Batting: SHB Juan Chávez
|
0-0: Grounds into double play, 6-4-3 (Groundball, 6) Lewis Childress to third
|
Batting: RHB Mike Russell
|
0-0: Foul Ball, location: 2F 0-1: Ground out 6-3 (Groundball, 6)
|
Bottom of the 9th over - 0 runs, 0 hits, 0 errors, 1 left on base; El Paso 2 - Savannah 1 |
|
Saturday, April 7th, 2018 - OOTP Baseball 18.8 Build 76
|
|